Map: Blackpink EC

Players

Ballsavage

  • Race: Zerg Zerg
  • League: Master
  • Spawn Location: 1:00

zuka - Winner!

  • Race: Protoss Protoss
  • League: Grandmaster
  • Spawn Location: 7:00

VOD

Have the link to the VOD?

Description

Time

  • Played on: Jan. 31, 2018, 5:20 p.m.
  • Length: 9:46
Show
View Real Time Build Order
Export as new Build Order

Ballsavage Zerg 

Build Orders: Hatch First 

Get SALT Encoding   

  12  0:00  Drone  
  13  0:12  Overlord  
  13  0:17  Drone  
  14  0:31  Drone x2  
  14  0:34  Drone  
  17  0:52  Hatchery  
  17  0:55  Drone  
  17  0:58  Drone  
  18  1:12  Spawning Pool  
  18  1:16  Extractor  
  18  1:17  Drone  
  17  1:21  Drone  
  18  1:29  Drone  
  19  1:59  Queen  
  21  2:03  Zergling x2  
  21  2:04  Zergling x4  
  24  2:09  Roach Warren  
  24  2:15  Zergling x2  
  24  2:16  Zergling x2  
  24  2:20  Metabolic Boost  
  25  2:31  Hatchery  
  24  2:38  Overlord  
  24  2:55  Evolution Chamber  
  23  3:06  Roach  
  23  3:07  Roach  
  27  3:17  Roach, Overlord  
  29  3:24  Overlord  
  29  3:31  Ravager  
  30  3:46  Queen, Roach  
  30  3:48  Drone  
  35  3:49  Drone  
  36  4:00  Spine Crawler  
  35  4:05  Roach  
  35  4:08  Drone  
  38  4:24  Drone x3  
  41  4:27  Ravager  
  41  4:56  Ravager  
  41  4:57  Zergling x8, Roach  
  41  4:58  Zergling x8, Overlord  
  52  5:13  Overlord x2  
  52  5:22  Drone x2  
  52  5:23  Drone  
  55  5:33  Ravager  
  55  5:35  Drone  
  57  5:37  Spore Crawler  
  57  5:39  Spine Crawler, Drone x2  
  49  6:11  Roach x5  
  53  6:12  Zergling x8  
  59  6:22  Zergling x4, Roach  
  60  6:33  Zergling x2, Roach  
  61  6:41  Roach  
  61  6:42  Zergling x4  
  64  6:59  Zergling x6  
  64  7:22  Roach x4  
  60  7:37  Queen  
  60  7:41  Spine Crawler x2  
  59  7:47  Ravager  
  59  7:50  Drone, Roach  
  59  7:51  Zergling x2  
  64  7:55  Hatchery  
  47  8:13  Queen  
  47  8:15  Zergling x4, Roach x5  
  52  8:24  Drone  
  53  8:29  Drone  
  51  8:43  Drone  
  51  8:46  Extractor  
  51  8:47  Drone  
  51  8:49  Drone  
  43  9:12  Roach x3  
  43  9:13  Roach x2  
Show
View Real Time Build Order
Export as new Build Order

zuka Protoss - Winner!

Build Orders:  

Get SALT Encoding   

  12  0:01  Probe  
  13  0:13  Probe  
  14  0:17  Pylon  
  14  0:25  Probe (Chrono Boost)  
  15  0:36  Probe (Chrono Boost)  
  15  0:38  Forge  
  15  0:42  Probe  
  17  0:54  Probe  
  18  0:59  Pylon  
  18  1:11  Probe  
  19  1:18  Photon Cannon  
  19  1:27  Gateway, Probe  
  20  1:35  Assimilator  
  20  1:41  Probe (Chrono Boost)  
  20  1:42  Photon Cannon  
  21  1:51  Probe (Chrono Boost)  
  22  1:59  Pylon, Assimilator  
  22  2:00  Probe  
  23  2:02  Assimilator  
  23  2:15  Probe  
  24  2:18  Zealot  
  24  2:20  Cybernetics Core  
  26  2:27  Probe  
  27  2:35  Pylon, Photon Cannon  
  27  2:45  Zealot  
  27  2:49  Gateway  
  29  2:51  Warp Gate (Chrono Boost)  
  29  3:05  Pylon  
  29  3:19  Robotics Facility  
  29  3:27  Photon Cannon  
  29  3:32  Stalker  
  31  3:39  Stalker  
  33  3:52  Shield Battery  
  33  4:04  Photon Cannon  
  33  4:09  Stalker (Chrono Boost)  
  35  4:20  Photon Cannon  
  35  4:21  Shield Battery  
  35  4:32  Stalker (Chrono Boost)  
  35  4:47  Immortal (Chrono Boost)  
  35  5:09  Stalker x2  
  35  5:11  Shield Battery  
  39  5:29  Pylon  
  39  5:37  Pylon  
  39  5:42  Shield Battery  
  39  5:47  Immortal  
  43  5:56  Zealot  
  43  5:57  Zealot  
  43  6:01  Pylon  
  41  6:19  Stalker x2  
  45  6:30  Pylon  
  43  6:42  Immortal (Chrono Boost)  
  47  6:49  Stalker  
  49  7:04  Stalker  
  51  7:13  Stalker  
  53  7:17  Pylon  
  53  7:30  Stalker  
  55  7:43  Pylon  
  54  7:55  Warp Prism (Chrono Boost)  
  44  8:23  Stalker x2  
  44  8:25  Immortal (Chrono Boost)  
  48  8:46  Stalker  
  48  8:47  Stalker  
  52  9:14  Stalker  
  52  9:15  Stalker  
Tags
 
Add a new tag
Caveats
  • Supply blocks, unpowered buildings, or Contaminate may cause inaccurate times.
  • Supply counts are checked every 10 seconds.